 Dungeon Crawl Stone Soup version 0.28-b1-25-g9875b3fc8c (webtiles) character file.

Game seed: 10870849679174190290

5456 raph the Carver (level 10, -8/86 HPs)
             Began as a Minotaur Fighter on Feb 5, 2022.
             Was the Champion of the Shining One.
             Killed from afar by an electric eel (13 damage)
             ... with a bolt of electricity
             ... on level 8 of the Dungeon.
             The game lasted 00:13:55 (7720 turns).

raph the Carver (Minotaur Fighter)                  Turns: 7720, Time: 00:13:56

Health: -8/86      AC: 18    Str: 29    XL:     10   Next: 41%
Magic:  12/12      EV: 10    Int:  5    God:    the Shining One [******]
Gold:   332        SH:  0    Dex: 15    Spells: 9/9 levels left

rFire   + . .      SeeInvis .   F - +0 great sword
rCold   . . .      Faith    .   (shield currently unavailable)
rNeg    + + +      Spirit   .   A - +2 plate armour {rF+}
rPois   .          Reflect  .   (helmet restricted)
rElec   .          Harm     .   E - +0 cloak
rCorr   .          Rampage  .   z - +1 pair of gloves {Str+3}
Will    .....                   (no boots)
Stlth   ..........              (no amulet)
HPRegen 0.24/turn               g - +6 ring of strength
MPRegen 0.13/turn               e - +4 ring of slaying

@: glowing
A: horns 2, retaliatory headbutt
a: Renounce Religion, Divine Shield, Cleansing Flame, Summon Divine Warrior,
Brand Weapon With Holy Wrath


You were on level 8 of the Dungeon.
You worshipped the Shining One.
The Shining One was exalted by your worship.
You visited 1 branch of the dungeon, and saw 8 of its levels.
You also visited: Ossuary and Bailey.

You collected 332 gold pieces.

Inventory:

Hand Weapons
 a - a +2 scimitar of electrocution
 b - a +0 long sword of venom
 F - a +0 great sword (weapon)
Missiles
 k - 24 poisoned darts (quivered)
 C - a boomerang of dispersal
Armour
 c - a +1 buckler
 v - +0 acid dragon scales
 x - a +3 ring mail of cold resistance
 z - a +1 pair of gloves of strength (worn)
 A - a +2 plate armour of fire resistance (worn)
 B - a +0 scale mail
 E - a +0 cloak (worn)
Jewellery
 e - a +4 ring of slaying (right hand)
 g - a +6 ring of strength (left hand)
 o - a ring of protection from fire
 y - an amulet of faith
Wands
 n - a wand of polymorph (7)
 u - a wand of iceblast (10)
Scrolls
 f - a scroll of magic mapping
 h - 3 scrolls of vulnerability
 q - 6 scrolls of identify
 r - a scroll of fog
 G - a scroll of teleportation
Potions
 d - 3 potions of might
 i - 2 potions of flight
 j - 2 potions of attraction
 l - 4 potions of lignification
 m - 2 potions of magic
 p - 3 potions of heal wounds
 s - 3 potions of ambrosia
 t - a potion of curing
 w - a potion of berserk rage
 D - a potion of mutation


   Skills:
 + Level 7.0 Fighting
 * Level 13.2 Long Blades
 + Level 6.9 Armour
 + Level 5.1 Dodging
 + Level 6.9 Shields
 + Level 4.6 Invocations


You had 9 spell levels left.
You didn't know any spells.
Your spell library contained the following spells:

 Spells                   Type           Power      Damage    Failure   Level
 Shock                    Conj/Air       0%         1d3       99%         1
 Summon Small Mammal      Summ           0%         N/A       99%         1
 Blink                    Tloc           0%         N/A       100%        2
 Static Discharge         Conj/Air       0%         N/A       100%        2
 Call Canine Familiar     Summ           0%         N/A       100%        3
 Dazzling Flash           Conj/Hex       0%         N/A       100%        3
 Lesser Beckoning         Tloc           0%         N/A       100%        3
 Ozocubu's Armour         Ice            0%         N/A       100%        3
 Summon Guardian Golem    Hex/Summ       0%         N/A       100%        3
 Swiftness                Air            0%         N/A       100%        3
 Airstrike                Air            0%         N/A       100%        4
 Animate Dead             Necr           0%         N/A       100%        4
 Iskenderun's Mystic Bla  Conj/Tloc      0%         2d3       100%        4
 Lightning Bolt           Conj/Air       0%         1d11      100%        5
 Manifold Assault         Tloc           0%         N/A       100%        5
 Starburst                Conj/Fire      0%         6d3       100%        6
 Haunt                    Necr/Summ      0%         N/A       100%        7
 Ozocubu's Refrigeration  Ice            0%         4d5       100%        7
 Infestation              Necr           0%         N/A       100%        8
 Maxwell's Capacitive Co  Air            0%         ∞         100%        8


Dungeon Overview and Level Annotations

Branches:
Dungeon (8/15)             Temple (0/1) D:5            Lair (0/6) D:8
Ossuary (visited)          Bailey (visited)

Altars:
The Shining One

Shops:
D:5 (

Annotations:
D:3 2 runed translucent doors, Suckerboh's ghost, amateur BaWr


Innate Abilities, Weirdness & Mutations

You have a pair of horns on your head.
You reflexively headbutt those who attack you in melee.


Message History

The electric eel shoots out a bolt of lightning at you!
The bolt of electricity hits you! The basilisk gazes at you.
The electric eel shoots out a bolt of lightning at you!
The bolt of electricity hits the electric eel.
The electric eel completely resists.
The bolt of electricity hits you!
The electric eel shoots out a bolt of lightning at you!
The bolt of electricity hits you!
The electric eel shoots out a bolt of lightning at you!
The bolt of electricity hits you!
The electric eel shoots out a bolt of lightning at you!
The bolt of electricity hits you!
The electric eel shoots out a bolt of lightning at you!
The bolt of electricity hits you.
The electric eel shoots out a bolt of lightning at you!
The bolt of electricity hits you!
The electric eel shoots out a bolt of lightning at you!
The bolt of electricity hits you!
The electric eel shoots out a bolt of lightning at you!
The bolt of electricity hits you.
You turn to flesh and can move again.
Activating: Cleansing Flame (41% risk of failure)
Press: ? - help, Dir - look around, f - activate You fail to use your ability.
The electric eel shoots out a bolt of lightning at you!
The bolt of electricity hits you!
The electric eel shoots out a bolt of lightning at you!
The bolt of electricity hits you.
* * * LOW HITPOINT WARNING * * *
As you read the scroll of fog, it crumbles to dust.
The scroll dissolves into smoke.
The electric eel shoots out a bolt of lightning at you!
The bolt of electricity hits you!
* * * LOW HITPOINT WARNING * * *
The electric eel shoots out a bolt of lightning at you!
The bolt of electricity hits you!
* * * LOW HITPOINT WARNING * * *
The electric eel shoots out a bolt of lightning at you!
The bolt of electricity hits you!
You die...

............#.........[.)
...≈...................))
...≈≈≈≈≈.................
.≈≈≈>(.≈.................
.≈≈.≈.[≈≈...........##...
.≈≈S.l≈§§§..........###+#
.(≈≈!≈S§§§...............
...≈≈≈S§§§...............
....≈≈§§@§.....(.........
....................##...
............#..).)..##...
...........##.......#....
#........###..[)....#....
####...######...##..#...(
#............##..#....
#########........##..#
#........##..#


You could see 2 electric eels.

Vanquished Creatures
  A two-headed ogre (D:6)
  An ugly thing (D:6)
  A gargoyle (Bailey)
  A slime creature (D:7)
  A shadow (D:7)
  2 vampires (Bailey)
  A wraith (D:7)
  Eustachio (D:6)
  An acid dragon (D:6)
  3 water moccasins
  2 orc warriors (D:7)
  A black bear (D:5)
  2 ice beasts
  An ogre (D:5)
  A kobold brigand (D:8)
  4 bullfrogs
  3 scorpions
  4 water moccasin zombies (Ossuary)
  A wyvern skeleton (D:7)
  4 wights (D:8)
  A howler monkey (D:8)
  6 vampire bats (Bailey)
  6 wolf zombies (Bailey)
  An electric eel (D:8)
  A bullfrog zombie (D:6)
  A jelly (D:7)
  3 hounds
  A gnoll shaman (D:4)
  2 iguanas
  6 orc wizards
  A scorpion zombie (D:4)
  2 hound skeletons (D:4)
  2 mummies (Ossuary)
  A howler monkey zombie (D:6)
  7 adders
  7 gnolls
  A white imp (D:5)
  7 adder zombies (Ossuary)
  3 dart slugs
  15 orcs
  11 ball pythons
  10 endoplasms
  A giant cockroach (D:4)
  10 goblins
  6 hobgoblins
  7 jackals
  2 quokkas
  10 bats
  7 frilled lizards
  3 gnoll zombies (Ossuary)
  6 hobgoblin zombies (Ossuary)
  10 kobolds
  5 kobold zombies (Ossuary)
  29 orc zombies
  6 rats
233 creatures vanquished.

Vanquished Creatures (others)
  A fungus (D:1)
  A plant (D:1)
2 creatures vanquished.

Grand Total: 235 creatures vanquished

Notes
Turn   | Place    | Note
-------+----------+-------------------------------------------
     0 | D:1      | raph the Minotaur Fighter began the quest for the Orb.
     0 | D:1      | Reached XP level 1. HP: 19/19 MP: 0/0
    91 | D:1      | Reached skill level 3 in Long Blades
   227 | D:1      | Reached XP level 2. HP: 27/27 MP: 1/1
   462 | D:1      | Reached skill level 4 in Long Blades
   596 | D:1      | Reached XP level 3. HP: 33/33 MP: 2/2
   709 | D:1      | Found a faded altar of an unknown god.
   925 | D:1      | Prayed at the altar of an unknown god.
   925 | D:1      | Became a worshipper of the Shining One
   925 | D:1      | Reached * piety under the Shining One
  1042 | D:2      | Reached skill level 5 in Long Blades
  1043 | D:2      | Reached XP level 4. HP: 40/40 MP: 3/3
  1592 | D:2      | Reached skill level 6 in Long Blades
  1677 | D:2      | Reached ** piety under the Shining One
  1774 | D:3      | Found a runed translucent door.
  1871 | D:3      | Noticed a bullfrog
  1873 | D:3      | Noticed Suckerboh's ghost (amateur BaWr)
  1953 | D:3      | Reached XP level 5. HP: 43/46 MP: 4/4
  2365 | D:3      | Found a runed translucent door.
  2909 | D:4      | Noticed an ice beast
  2913 | D:4      | Killed an ice beast
  2914 | D:4      | Reached skill level 7 in Long Blades
  2948 | D:4      | Reached XP level 6. HP: 52/52 MP: 5/5
  3025 | D:4      | Found a sand-covered staircase.
  3033 | Ossuary  | Entered an ossuary
  3054 | Ossuary  | Reached *** piety under the Shining One
  3160 | Ossuary  | Reached skill level 8 in Long Blades
  3183 | Ossuary  | Reached skill level 9 in Long Blades
  3184 | Ossuary  | Reached **** piety under the Shining One
  3218 | Ossuary  | Reached XP level 7. HP: 58/58 MP: 6/6
  3555 | D:4      | Reached ***** piety under the Shining One
  3759 | D:4      | Reached skill level 10 in Long Blades
  3991 | D:5      | Entered Level 5 of the Dungeon
  4047 | D:5      | Found Lejusuol's Firing Range.
  4152 | D:5      | Found a staircase to the Ecumenical Temple.
  4188 | D:5      | Reached skill level 1 in Dodging
  4188 | D:5      | Reached skill level 1 in Invocations
  4188 | D:5      | Reached XP level 8. HP: 66/66 MP: 7/7
  4396 | D:5      | Reached skill level 11 in Long Blades
  4724 | D:6      | Noticed a two-headed ogre
  4744 | D:6      | Noticed a cyan ugly thing
  4765 | D:6      | Noticed Eustachio
  4781 | D:6      | Killed a cyan ugly thing
  4782 | D:6      | Reached skill level 5 in Fighting
  4783 | D:6      | Reached skill level 5 in Armour
  4798 | D:6      | Killed a two-headed ogre
  4799 | D:6      | Reached skill level 5 in Shields
  4799 | D:6      | Reached XP level 9. HP: 23/74 MP: 7/10
  4818 | D:6      | Reached skill level 12 in Long Blades
  5049 | D:6      | Killed Eustachio
  5600 | D:7      | Found a flagged portal.
  5640 | Bailey   | Entered a bailey
  5840 | Bailey   | Noticed a gargoyle
  5846 | Bailey   | Killed a gargoyle
  6317 | Bailey   | Reached XP level 10. HP: 84/84 MP: 12/12
  6360 | Bailey   | Identified the +2 short sword of the Enemy {pain, rC+
                  | Stlth+}
  6938 | D:7      | Reached skill level 13 in Long Blades
  7374 | D:8      | Reached skill level 5 in Dodging
  7468 | D:8      | Found a staircase to the Lair.
  7624 | D:8      | Reached ****** piety under the Shining One
  7720 | D:8      | Killed from afar by an electric eel

Illustrated notes

Levels and vault maps discovered:
D:1:      nzn_arrival_depleted_hourglass, layout_loops_ring,
          shapermc_ecumenical_altar_hornbeckon
D:2:      layout_basic, minmay_ruptured, uniq_jessica
D:3:      layout_basic, ebering_ghost_sewer_f, minmay_joined_circles
D:4:      layout_basic, nicolae_ossuary_entry_ruins
D:5:      layout_rooms, minmay_temple_entry_junction, nicolae_shop_firing_range
D:6:      layout_rooms, kb_rosetta, uniq_eustachio
D:7:      layout_basic, enter_bailey_5, minmay_small_thing
D:8:      layout_gridville, lair_entry_dummy, disabler_island

Skill      XL: |  1  2  3  4  5  6  7  8  9 10 |
---------------+-------------------------------+-----
Long Blades    | 3 4 5 6 7 9 10 11 12 13 | 13.2
Fighting       | 4 5 6 7 |  7.0
Armour         | 4 5 6 |  6.9
Dodging        | 1 3 4 5 |  5.1
Shields        | 4 5 6 |  6.9
Invocations    | 1 3 4 |  4.6

Action                   |  1- 3 |  4- 6 |  7- 9 | 10-12 || total
-------------------------+-------+-------+-------+-------++-------
Melee: Long sword        |    67 |   134 |   170 |    44 ||   415
       Headbutt          |     3 |    19 |    53 |    18 ||    93
       Scimitar          |       |       |       |    50 ||    50
Throw: Dart              |       |       |       |     8 ||     8
Invok: Divine Shield     |       |       |     3 |       ||     3
       Cleansing Flame   |       |       |     1 |       ||     1
  Use: Scroll            |       |    11 |    11 |     3 ||    25
       Potion            |       |       |     5 |       ||     5
Armor: Scale mail        |    45 |    36 |    14 |       ||    95
       Ring mail         |       |       |    21 |       ||    21
       Acid dragon scale |       |       |     9 |       ||     9
       Plate armour      |       |       |       |    26 ||    26
Dodge: Dodged            |    38 |    54 |    96 |    22 ||   210
Block: Buckler           |    20 |    27 |    64 |    21 ||   132
